 Dungeon Crawl Stone Soup version 0.22-a0-358-g7563fe7 (webtiles) character file.

12847 Amnesiac the Destroyer (level 11, -8/67 HPs)
             Began as a Deep Elf Conjurer on Apr 18, 2018.
             Was a High Priest of Sif Muna.
             Mangled by a swamp worm (13 damage)
             ... on level 2 of the Lair of Beasts.
             The game lasted 00:15:28 (10011 turns).

Amnesiac the Destroyer (Deep Elf Conjurer)         Turns: 10011, Time: 00:15:29

Health: -8/67      AC:  8    Str: 10    XL:     11   Next: 67%
Magic:  0/38       EV: 17    Int: 24    God:    Sif Muna [*****.]
Gold:   310        SH:  0    Dex: 15    Spells: 26/35 levels left

rFire    + . .     SeeInvis .   L - +9 sword of Zonguldrok {reap}
rCold    + . .     Gourm    .   (no shield)
rNeg     . . .     Faith    .   i - +0 robe
rPois    .         Spirit   +   m - +0 helmet
rElec    .         Reflect  .   J - scarf {rC+ rF+}
rCorr    +         Harm     .   G - +1 pair of gloves
MR       +....                  f - +2 pair of boots of the Morning Star {rCorr}
Stlth    ++........             l - amulet of guardian spirit
HPRegen  0.21/turn              n - ring of magical power
MPRegen  0.26/turn              (no ring)

@: mighty, very slightly contaminated, divine energy
A: no striking features
a: Stop Divine Energy, Channel Magic, Forget Spell, Renounce Religion


You were on level 2 of the Lair of Beasts.
You worshipped Sif Muna.
Sif Muna was extremely pleased with you.
You were hungry.

You visited 3 branches of the dungeon, and saw 12 of its levels.

You collected 642 gold pieces.
You spent 332 gold pieces at shops.

Inventory:

Hand Weapons
 L - the +9 sword of Zonguldrok (weapon) {reap}
   (You found it on level 7 of the Dungeon)

   If a monster killed with it leaves a corpse in good enough shape, the corpse
   will be animated as a zombie friendly to the killer.
 R - the +6 spear of Pirphyisk {holy, rF+}
   (You found it on level 9 of the Dungeon)

   It has been blessed by the Shining One to cause great damage to the undead
   and demons.
   It protects you from fire.
Missiles
 k - 10 sling bullets
Armour
 f - the +2 pair of boots of the Morning Star (worn) {rCorr}
   (You bought it in a shop on level 8 of the Dungeon)

   It protects you from acid and corrosion.
 i - a +0 robe (worn)
 m - a +0 helmet (worn)
 G - a +1 pair of gloves (worn)
 J - a scarf of resistance (worn)
Jewellery
 l - an amulet of guardian spirit (around neck)
 n - a ring of magical power (left hand)
 q - an uncursed ring of fire
Wands
 w - a wand of acid (5)
 A - a wand of iceblast (6)
 H - a wand of flame (9)
 K - a wand of disintegration (17)
 O - a wand of enslavement (10)
 Q - a wand of random effects (21)
Scrolls
 b - a scroll of identify {!r}
 d - 4 scrolls of enchant weapon {!r}
 h - 11 scrolls of remove curse {!r}
 t - 3 scrolls of magic mapping {!r}
 u - 2 scrolls of noise {!r}
 y - 5 scrolls of teleportation {!r}
 C - a scroll of enchant armour {!r}
 F - 2 scrolls of fog {!r}
 N - a scroll of summoning {!r}
Potions
 e - a potion of mutation {!q}
 g - 3 potions of brilliance {!q}
 p - a potion of resistance {!q}
 s - 5 potions of curing {!q}
 v - 2 potions of haste {!q}
 x - a potion of flight {!q}
 D - 2 potions of berserk rage {!q}
 I - a potion of lignification {!q}
 M - a potion of magic {!q}
Comestibles
 a - 15 chunks of flesh
 c - 19 rations


   Skills:
 - Level 7.2 Fighting
 - Level 7.3 Dodging
 - Level 2.4 Stealth
   Level 4.0 Shields
 + Level 12.5 Spellcasting
 * Level 12.9 Conjurations


You had 26 spell levels left.
You knew the following spells:

 Your Spells              Type           Power        Failure   Level  Hunger
a - Iskenderun's Mystic   Conj           ######..     1%          4    None
b - Magic Dart            Conj           ####         1%          1    None
d - Force Lance           Conj/Tloc      #####...     2%          4    None


Dungeon Overview and Level Annotations

Branches:
Dungeon (9/15)             Temple (1/1) D:7            Lair (2/6) D:9
    Orc (0/2) D:9
  Swamp: Lair:2-4    Shoals: Lair:2-4     Snake: Lair:2-4    Spider: Lair:2-4

Altars:
Ashenzari
Cheibriados
Dithmenos
Elyvilon
Fedhas
Gozag
Hepliaklqana
Kikubaaqudgha
Makhleb
Nemelex Xobeh
Okawaru
Qazlal
Ru
Sif Muna
Trog
Uskayaw
Vehumet
Wu Jian
Xom
Yredelemnul
Zin
The Shining One

Shops:
D:6 }   D:7 [   D:8 [


Message History

* * * LOW HITPOINT WARNING * * *
Casting: Iskenderun's Mystic Blast (safe; 1% risk of failure)
Confirm with . or Enter, or press ? or * to list all spells.
Aiming: Iskenderun's Mystic Blast (safe; 1% risk of failure)
Press: ? - help, Shift-Dir - straight line, f/p - wolf
Aim: a wolf (heavily wounded)
The orb of energy hits the wolf.
The wolf is severely wounded.
The orb of energy explodes!
The mystic blast hits the wolf.
The wolf is severely wounded.
The wolf bites you but does no damage.
Unknown command.
Casting: Iskenderun's Mystic Blast (safe; 1% risk of failure)
Confirm with . or Enter, or press ? or * to list all spells.
Aiming: Iskenderun's Mystic Blast (safe; 1% risk of failure)
Press: ? - help, Shift-Dir - straight line, f/p - wolf
Aim: a wolf (severely wounded)
The orb of energy hits the wolf.
You kill the wolf!
Sif Muna accepts your kill.
The orb of energy explodes!
The mystic blast hits the wolf.
The wolf is severely wounded.
The wolf misses you.
You riposte.
You barely miss the wolf. The wolf bites you.
* * * LOW HITPOINT WARNING * * *
The wolf completely misses you.
Unknown command.
Casting: Iskenderun's Mystic Blast (safe; 1% risk of failure)
Confirm with . or Enter, or press ? or * to list all spells.
Aiming: Iskenderun's Mystic Blast (safe; 1% risk of failure)
Press: ? - help, Shift-Dir - straight line, f - wolf
Aim: a wolf The orb of energy hits the wolf.
The wolf is severely wounded.
Sif Muna grants you divine energy.
You briefly lose access to your magic!
The wolf bites you but does no damage. The wolf barely misses you.
The wolf misses you. 2 swamp worms come into view.
Unknown command.
You are unable to access your magic!
You slash the wolf!
You kill the wolf!
Sif Muna accepts your kill.
The wolf turns into a zombie!
The wolf barely misses you. The wolf completely misses you.
Evoke which item? (* to show all) (? for menu, Esc to quit)
Okay, then.
You slash the wolf!
The wolf is almost dead.
You regain access to your magic.
The wolf closely misses you.
You riposte.
You hit the wolf.
You kill the wolf!
Sif Muna accepts your kill.
Sif Muna will gift you books as you gain piety.
You see here Sif Muna's Reference Book on Clay and Boosts.
Sif Muna grants you a gift!
The swamp worm throws harpoon shot at you.
The harpoon shot hits you!
* * * LOW HITPOINT WARNING * * *
You are yanked forward by the harpoon shot.
Really quaff
j - a bubbling golden potion {!q}?
It was a potion of might {!q}.
You feel very mighty all of a sudden. The swamp worm bites you!
You die...

### ## ##..##.}
#####.......
#........!#
#:.......#
##..##....#
#.....†#..#...
#....Z<.......
#..#@w....#...
#.....w..#.....
#..............
.......?......♣♣♣
#.#.........♣♣♣
.##........⌠..
##.##....⌠... ##
P.#...♣♣♣


You could see 2 swamp worms and a friendly wolf zombie.

Vanquished Creatures
  A hydra (Lair:1)
  A centaur warrior (D:8)
  5 two-headed ogres
  2 spiny frogs (Lair:1)
  A komodo dragon (Lair:1)
  A troll (D:7)
  The ghost of VDreamerV the Changer, an amateur FoTm (D:4)
  2 hippogriffs (Lair:1)
  A blink frog (Lair:1)
  A vampire (D:6)
  9 yaks
  A hungry ghost (D:9)
  A steam dragon (D:8)
  A warg (D:9)
  A porcupine (Lair:1)
  2 water moccasins (Lair:1)
  2 ice beasts
  4 orc warriors
  2 sky beasts
  3 ogres
  5 wolves (Lair:2)
  2 centaurs
  2 crocodiles (Lair:1)
  Blork the orc (D:4)
  A big kobold (D:3)
  4 bullfrogs
  3 scorpions (D:7)
  17 killer bees
  5 wights
  An electric eel (D:6)
  5 crimson imps
  3 jellies
  5 orc wizards
  4 hounds
  An iguana (D:7)
  2 orc priests
  A bullfrog skeleton (D:8)
  5 worker ants
  A hound skeleton (D:8)
  8 gnolls
  An adder (D:7)
  2 shadow imps
  An adder skeleton (D:9)
  A dart slug (D:5)
  7 leopard geckos
  31 orcs
  2 ball pythons (D:1)
  6 giant cockroaches
  3 goblins
  6 hobgoblins
  6 jackals
  3 quokkas
  2 bats (D:2)
  4 frilled lizards
  14 kobolds
  5 rats
212 creatures vanquished.

Vanquished Creatures (collateral kills)
  A komodo dragon (Lair:1)
  A water moccasin (Lair:1)
  A crocodile (Lair:1)
  An orc (D:9)
4 creatures vanquished.

Vanquished Creatures (others)
  4 plants (Lair:1)
4 creatures vanquished.

Grand Total: 220 creatures vanquished

Notes
Turn   | Place    | Note
-------+----------+-------------------------------------------
     0 | D:1      | Amnesiac the Deep Elf Conjurer began the quest for the Orb.
     0 | D:1      | Reached XP level 1. HP: 10/10 MP: 6/6
   416 | D:1      | Reached XP level 2. HP: 15/15 MP: 5/8
  1228 | D:2      | Noticed a sky beast
  1354 | D:2      | Killed a sky beast
  1354 | D:2      | Reached skill level 5 in Spellcasting
  1354 | D:2      | Reached skill level 5 in Conjurations
  1354 | D:2      | Reached XP level 3. HP: 13/19 MP: 3/11
  1354 | D:2      | Reached XP level 4. HP: 17/24 MP: 3/13
  1360 | D:2      | Learned a level 4 spell: Iskenderun's Mystic Blast
  1574 | D:2      | Found a shadowy altar of Dithmenos.
  1926 | D:3      | Noticed a big kobold
  1929 | D:3      | Killed a big kobold
  1929 | D:3      | Reached XP level 5. HP: 28/28 MP: 13/15
  2245 | D:3      | Reached skill level 1 in Fighting
  2465 | D:3      | Found a faded altar of an unknown god.
  2800 | D:4      | Noticed VDreamerV's ghost (amateur FoTm)
  3074 | D:4      | Killed VDreamerV's ghost
  3074 | D:4      | Reached XP level 6. HP: 32/37 MP: 1/17
  3359 | D:4      | Reached XP level 7. HP: 41/41 MP: 18/18
  3403 | D:3      | HP: 2/42 [poisoned by a worker ant]
  3411 | D:3      | HP: 2/42 [poisoned by a worker ant]
  3833 | D:4      | Found a stormy altar of Qazlal.
  4031 | D:4      | Noticed Blork the orc
  4034 | D:4      | Killed Blork the orc
  4264 | D:5      | Entered Level 5 of the Dungeon
  4305 | D:5      | Noticed a two-headed ogre
  4468 | D:5      | Killed a two-headed ogre
  4468 | D:5      | Reached XP level 8. HP: 28/51 MP: 2/19
  4758 | D:5      | Found a snail-covered altar of Cheibriados.
  5138 | D:6      | Found Pilu's Gadget Emporium.
  5620 | D:6      | Found a blossoming altar of Fedhas.
  5857 | D:7      | Reached XP level 9. HP: 57/57 MP: 14/20
  5984 | D:7      | Found the +9 sword of Zonguldrok {reap}
  5988 | D:7      | Found a staircase to the Ecumenical Temple.
  5994 | Temple   | Entered the Ecumenical Temple
  6064 | Temple   | Became a worshipper of Sif Muna the Loreminder
  6124 | D:7      | Found Faddolacha's Armour Shoppe.
  6353 | D:7      | Found a bloodstained altar of Trog.
  6367 | D:7      | Found a hide-covered altar of Uskayaw.
  6382 | D:7      | Found a radiant altar of Vehumet.
  6385 | D:7      | Found a sparkling altar of Nemelex Xobeh.
  6511 | D:7      | Noticed a troll
  6516 | D:7      | Killed a troll
  6690 | D:8      | Reached * piety under Sif Muna
  6771 | D:8      | Found a hazy altar of Hepliaklqana.
  6819 | D:8      | Noticed a two-headed ogre
  6839 | D:8      | Killed a two-headed ogre
  6841 | D:8      | Noticed a two-headed ogre
  7096 | D:8      | Found Xotunu's Antique Armour Emporium.
  7102 | D:8      | Bought a pair of jewelled boots for 332 gold pieces
  7112 | D:8      | Identified the +2 pair of boots of the Morning Star {rCorr} (You bought it in a shop on level 8 of the Dungeon)
  7362 | D:8      | Reached ** piety under Sif Muna
  7365 | D:8      | Noticed a two-headed ogre
  7461 | D:8      | Reached XP level 10. HP: 63/63 MP: 13/24
  7575 | D:8      | Noticed a centaur warrior
  7598 | D:8      | Killed a centaur warrior
  7598 | D:8      | Reached skill level 10 in Conjurations
  7644 | D:8      | Killed a two-headed ogre
  7989 | D:8      | Killed a two-headed ogre
  8463 | D:8      | Reached skill level 10 in Spellcasting
  8621 | D:9      | Reached *** piety under Sif Muna
  8922 | D:9      | Reached XP level 11. HP: 67/67 MP: 0/28
  9154 | D:9      | Found a staircase to the Lair.
  9187 | D:9      | Found a staircase to the Orcish Mines.
  9234 | D:9      | Got a steaming spear
  9306 | D:9      | Noticed a two-headed ogre
  9322 | D:9      | Killed a two-headed ogre
  9452 | D:9      | Learned a level 4 spell: Force Lance
  9452 | D:9      | Identified the +6 spear of Pirphyisk {holy, rF+} (You found it on level 9 of the Dungeon)
  9513 | Lair:1   | Entered Level 1 of the Lair of Beasts
  9667 | Lair:1   | Reached **** piety under Sif Muna
  9740 | Lair:1   | Noticed an eight-headed hydra
  9762 | Lair:1   | Killed an eight-headed hydra
 10010 | Lair:2   | Reached ***** piety under Sif Muna
 10010 | Lair:2   | Identified Sif Muna's Reference Book on Clay and Boosts (Sif Muna gifted it to you on level 2 of the Lair of Beasts)
 10010 | Lair:2   | Received a gift from Sif Muna
 10011 | Lair:2   | Mangled by a swamp worm

Vault maps used:
D:1:      dpeg_arrival_arbitrary_a, minmay_bisected
D:2:      nicolae_overflow_crystal_walls
D:3:      cheibrodos_thug_alley, first_ration, chequers_ecumenical_altar_simple
D:4:      lemuel_doored_altar, uniq_blork_the_orc
D:5:      kennysheep_slug_shrine, serial_park_tiny_1
D:6:      kennysheep_mini_moat, serial_shops, shop, nicolae_water_bricks
D:7:      grunt_temple_overflow_cloverleaf, minmay_temple_entry_grid,
          serial_shops, shop_statue
D:8:      lemuel_round_altar, serial_shops, shop_fountains
D:9:      lair_entry_dummy, david_orc_3
Temple:   dshaligram_water_room_temple
Lair:1:   grunt_megastairs_3, infiniplex_staircase_pool
Lair:2:   nicolae_swamp_entry_splash_gauntlet

Skill      XL: |  1  2  3  4  5  6  7  8  9 10 11 |
---------------+----------------------------------+-----
Spellcasting   | 5 6 8 11 12 | 12.5
Conjurations   | 5 6 9 11 12 | 12.9
Fighting       | 3 6 7 |  7.2
Dodging        | 3 6 7 |  7.3
Shields        | 4 |  4.0
Stealth        | |  2.4

Action                   |  1- 3 |  4- 6 |  7- 9 | 10-12 || total
-------------------------+-------+-------+-------+-------++-------
Melee: Spear             |     2 |       |       |       ||     2
       Double sword      |       |       |    15 |    12 ||    27
 Fire: Hunting sling     |    42 |    10 |       |       ||    52
 Cast: Magic Dart        |    25 |    65 |    56 |       ||   146
       Iskenderun's Myst |       |    22 |   100 |   149 ||   271
Invok: Divine Energy     |       |       |     1 |       ||     1
Evoke: Wand              |       |     1 |     2 |     1 ||     4
  Use: Scroll            |       |       |    15 |     4 ||    19
       Potion            |       |       |     3 |     2 ||     5
  Eat: Chunk             |     1 |     4 |    17 |     9 ||    31
       Ration            |       |     1 |     2 |       ||     3
Armor: Robe              |     3 |     1 |    13 |     8 ||    25
Dodge: Dodged            |    19 |    10 |    57 |    79 ||   165
       Rpst.: Long sword |       |       |     9 |       ||     9
       Double sword      |       |       |     5 |    27 ||    32

Table legend:
 A = Spawn XP
 B = Non-spawn XP
 C = Spawn XP percentage of total XP
 D = Spawn monster count
 E = Non-spawn monster count
 F = Spawn count percentage of total count
 G = Total turns spent on level
                    A         B        C        D         E        F      G
               +---------+---------+-------+---------+---------+-------+---------
         Total |       0 |   18353 |   0.0 |       0 |     216 |   0.0 | 10011
               +---------+---------+-------+---------+---------+-------+---------
           D:1 |       0 |      26 |   0.0 |       0 |      15 |   0.0 |   918
           D:2 |       0 |     143 |   0.0 |       0 |       8 |   0.0 |   913
           D:3 |       0 |     234 |   0.0 |       0 |      33 |   0.0 |  1641
           D:4 |       0 |     565 |   0.0 |       0 |      13 |   0.0 |   885
           D:5 |       0 |    1365 |   0.0 |       0 |      13 |   0.0 |   966
           D:6 |       0 |     418 |   0.0 |       0 |       7 |   0.0 |   685
           D:7 |       0 |    1083 |   0.0 |       0 |      21 |   0.0 |   876
           D:8 |       0 |    5394 |   0.0 |       0 |      45 |   0.0 |  1598
           D:9 |       0 |    3523 |   0.0 |       0 |      35 |   0.0 |   945
        Lair:1 |       0 |    5009 |   0.0 |       0 |      21 |   0.0 |   482
        Lair:2 |       0 |     593 |   0.0 |       0 |       5 |   0.0 |    16
               +---------+---------+-------+---------+---------+-------+---------
